 Dungeon Crawl Stone Soup version 0.31.0-11-ge490571c62 (webtiles) character file.

Game seed: 12298539505048064548

394 qw the Shooter (level 6, -3/30 HPs)
             Began as a Spriggan Hunter on Feb 3, 2024.
             Was an Initiate of Okawaru.
             Killed from afar by an orc wizard (7 damage)
             ... with a magic dart
             ... on level 5 of the Dungeon.
             The game lasted 00:00:13 (3382 turns).

qw the Shooter (Spriggan Hunter)                    Turns: 3382, Time: 00:00:13

Health: -3/30      AC:  2    Str:  7    XL:     6   Next: 51%
Magic:  7/7        EV: 22    Int: 10    God:    Okawaru [......]
Gold:   85         SH:  0    Dex: 21    Spells: 5/5 levels left

rFire   . . .        a - +1 shortbow
rCold   . . .        (shield currently unavailable)
rNeg    . . .        c - +0 robe
rPois   .            (helmet restricted)
rElec   .            (no cloak)
rCorr   .            (gloves unavailable)
SInv    +            (boots unavailable)
Will    +....        (no amulet)
Stlth   ++           (no ring)
HPRegen 0.25/turn    (no ring)
MPRegen 0.10/turn

%: no passive effects
@: very quick
A: very small, no large weapons, unfitting armour, see invisible, speed 3
a: Renounce Religion


You were on level 5 of the Dungeon.
You worshipped Okawaru.
Okawaru was noncommittal.
You visited 1 branch of the dungeon, and saw 5 of its levels.

You collected 239 gold pieces.
You spent 154 gold pieces at shops.


Innate Abilities, Weirdness & Mutations

You are very small and have problems with some larger weapons.
You are too small for most types of armour.
You have supernaturally acute eyesight. (SInv)
You cover ground extremely quickly. (Speed+++)


   Skills:
 - Level 2.1 Fighting
 + Level 6.3 Ranged Weapons
 - Level 6.2 Dodging
 - Level 1.5 Stealth


You had 5 spell levels left.
You didn't know any spells.
Your spell library was empty.

Inventory:

Hand Weapons
 a - a +1 shortbow (weapon)
Armour
 c - a +0 robe (worn)
Wands
 g - a wand of roots (12)
Scrolls
 d - 5 scrolls of identify
Potions
 b - 2 potions of curing

Dungeon Overview and Level Annotations

Branches:
Dungeon (5/15)             Temple (0/1) D:4

Altars:
Ashenzari
Cheibriados
Dithmenos
Okawaru
Ru
Yredelemnul

Shops:
D:3 !**!?

Annotations:
D:3 2 transporters


Message History

The orc wizard completely misses you. The orc closely misses you.
The orc wizard hits you but does no damage.
You shoot an arrow. The arrow hits the orc wizard!
You kill the orc wizard!
Okawaru accepts your kill. The orc wizard completely misses you.
You shoot an arrow. The arrow hits the orc wizard.
The orc wizard is heavily wounded.
The orc hits you with a +0 war axe!
The orc wizard hits you with a +0 dagger. x2
You shoot an arrow. The arrow barely misses the orc wizard.
The orc wizard hits you but does no damage.
The orc closely misses you. The orc wizard barely misses you.
The orc wizard completely misses you. The orc closely misses you.
You shoot an arrow. The arrow hits the orc wizard.
The orc wizard is almost dead.
The orc wizard completely misses you.
The iguana hisses menacingly.
The orc wizard mumbles some strange words.
The orc wizard flickers and vanishes for a moment.
The orc completely misses you.
The orc wizard hits you with a +0 dagger.
You shoot an arrow. The arrow hits the orc wizard.
The orc wizard is almost dead.
The orc closely misses you. The orc wizard closely misses you.
The orc wizard barely misses you.
You shoot an arrow. The arrow hits the orc wizard.
You kill the orc wizard!
Okawaru accepts your kill. The orc barely misses you.
The orc wizard misses you.
You shoot an arrow. The arrow hits the orc wizard!
The orc wizard is heavily wounded.
The orc closely misses you.
The orc wizard hits you but does no damage.
You shoot an arrow.
The arrow closely misses the orc wizard.
The orc completely misses you.
The orc wizard gestures at you while chanting.
The magic dart hits you!
You die...

## #. #.## #..##
##.}.###
.####...lo@#
.....}...o)#
...........#
.......<...#
..........?.#
?....}...}.....
..........#.#.#
.......}.##.#...
......#..# .# ##


You could see an iguana, an orc wizard (invisible) and an orc.

Vanquished Creatures
  A scorpion (D:4)
  2 orc priests (D:3)
  Jessica (D:2)
  3 orc wizards
  3 gnolls (D:4)
  4 adders
  3 dart slugs
  5 ribbon worms
  8 orcs
  3 endoplasms
  2 giant cockroaches
  10 hobgoblins
  7 jackals
  4 kobolds
  6 quokkas
  4 ball pythons
  7 bats
  9 frilled lizards
  6 goblins
  3 rats
91 creatures vanquished.

Notes
Turn   | Place    | Note
-------+----------+-------------------------------------------
     0 | D:1      | qw the Spriggan Hunter began the quest for the Orb.
     0 | D:1      | Reached XP level 1. HP: 10/10 MP: 2/2
     0 | D:1      | 0 ||| qw: Version: 0.3-a-155-g5e7d8dd
     0 | D:1      | 0 ||| qw: Game counter: 3490
     0 | D:1      | 0 ||| qw: Melee chars always use a shield: true
     0 | D:1      | 0 ||| qw: God list: Okawaru
     0 | D:1      | 0 ||| qw: Allow faded altars: false
     0 | D:1      | 0 ||| qw: Do Orc after clearing Dungeon:15 true
     0 | D:1      | 0 ||| qw: Do second Lair branch before Depths: true
     0 | D:1      | 0 ||| qw: Lair rune preference: random
     0 | D:1      | 0 ||| qw: Goals: Normal
     0 | D:1      | 0 ||| PLANNING D:1-11
    11 | D:1      | 11 ||| DROPPING scroll of butterflies.
    34 | D:1      | Reached skill level 3 in Dodging
   212 | D:1      | Reached XP level 2. HP: 14/14 MP: 3/3
   629 | D:1      | 629 ||| READING scroll labelled FUYNUL SUEMAESK.
   632 | D:1      | 632 ||| READING scroll labelled PAREUN ESANUH.
   645 | D:2      | 645 ||| STAIRDANCE
   653 | D:2      | Reached XP level 3. HP: 18/18 MP: 4/4
   774 | D:2      | Found a faded altar of an unknown god.
   785 | D:2      | Noticed Jessica
   788 | D:2      | Killed Jessica
   813 | D:2      | Reached XP level 4. HP: 22/22 MP: 5/5
  1182 | D:2      | 1182 ||| READING scroll labelled VUUXZU NYANIUKK.
  1223 | D:2      | 1223 ||| READING scroll labelled KERROA YFEVIF.
  1223 | D:2      | 1223 ||| ENCHANTING +0 shortbow.
  1224 | D:2      | 1224 ||| READING scroll labelled TOWKUGH GONA.
  1277 | D:3      | Found Ashiutuq's General Store.
  1289 | D:3      | 1289 ||| BUYING 3 scrolls of identify (78 gold).
  1289 | D:3      | Bought 3 scrolls of identify for 78 gold pieces
  1289 | D:3      | 1289 ||| SHOPLISTING scroll of enchant weapon (97 gold,
                  | have 14).
  1289 | D:3      | 1289 ||| SHOPLISTING scroll of identify (26 gold, have 14).
  1289 | D:3      | 1289 ||| SHOPLISTING wand of flame (17) (154 gold, have
                  | 14).
  1310 | D:3      | HP: 5/22 [orc/+0 short sword (4)]
  1313 | D:3      | HP: 2/22 [orc/+0 short sword (4)]
  1320 | D:3      | Reached XP level 5. HP: 4/26 MP: 6/6
  1322 | D:3      | HP: 1/26 [orc/+0 short sword (4)]
  1446 | D:3      | Found Tuhujif's Magic Scroll Emporium.
  1454 | D:3      | 1454 ||| SHOPLISTING scroll of enchant armour (75 gold,
                  | have 43).
  1454 | D:3      | 1454 ||| BUYING scroll of identify (20 gold).
  1454 | D:3      | Bought a scroll of identify for 20 gold pieces
  1454 | D:3      | 1454 ||| BUYING scroll of identify (20 gold).
  1454 | D:3      | Bought a scroll of identify for 20 gold pieces
  1454 | D:3      | 1454 ||| SHOPLISTING scroll of identify (20 gold, have 3).
  1543 | D:3      | Found a transporter.
  1549 | D:3      | Identified the +7 spear of the Lesser Evil {elec, Will++}
  1549 | D:3      | Identified the +2 kite shield of Beloved Contentment {Fly
                  | rF- rN+ rCorr}
  1573 | D:3      | Found a basalt altar of Yredelemnul.
  1646 | D:3      | Found Cifubait's General Store.
  1655 | D:3      | 1655 ||| SHOPLISTING scroll of identify (22 gold, have 3).
  1662 | D:3      | Found a transporter.
  1668 | D:3      | Found Erghun's Distillery.
  1671 | D:3      | 1671 ||| SHOPLISTING 2 potions of curing (60 gold, have
                  | 23).
  1671 | D:3      | 1671 ||| SHOPLISTING 2 potions of heal wounds (100 gold,
                  | have 23).
  1671 | D:3      | 1671 ||| SHOPLISTING potion of enlightenment (50 gold, have
                  | 23).
  1671 | D:3      | 1671 ||| SHOPLISTING potion of heal wounds (50 gold, have
                  | 23).
  1671 | D:3      | 1671 ||| SHOPLISTING potion of mutation (80 gold, have 23).
  1817 | D:3      | Found Nobbeg's Distillery.
  1822 | D:3      | 1822 ||| BUYING potion of curing (36 gold).
  1822 | D:3      | Bought a potion of curing for 36 gold pieces
  1822 | D:3      | 1822 ||| SHOPLISTING potion of heal wounds (60 gold, have
                  | 10).
  1822 | D:3      | 1822 ||| SHOPLISTING potion of might (48 gold, have 10).
  1861 | D:3      | Found a snail-covered altar of Cheibriados.
  1863 | D:3      | Found a sacrificial altar of Ru.
  1866 | D:3      | Found a broken altar of Ashenzari.
  2230 | D:3      | Found an iron altar of Okawaru.
  2231 | D:3      | Found a shadowy altar of Dithmenos.
  2232 | D:3      | 2232 ||| DROPPING +6 ring of intelligence.
  2233 | D:3      | 2233 ||| READING 6 scrolls of identify.
  2233 | D:3      | 2233 ||| IDENTIFYING grey potion
  2234 | D:3      | 2234 ||| READING 5 scrolls of identify.
  2234 | D:3      | 2234 ||| IDENTIFYING clear potion
  2235 | D:3      | 2235 ||| DROPPING potion of attraction.
  2236 | D:3      | 2236 ||| DROPPING potion of berserk rage.
  2339 | D:4      | 2339 ||| FLEEEEING.
  2340 | D:4      | 2340 ||| FLEEEEING.
  2342 | D:4      | 2342 ||| FLEEEEING.
  2343 | D:4      | 2343 ||| FLEEEEING.
  2345 | D:4      | 2345 ||| FLEEEEING.
  2346 | D:4      | 2346 ||| FLEEEEING.
  2359 | D:4      | Reached skill level 6 in Ranged Weapons
  2629 | D:3      | 2629 ||| PLANNING OKAWARU WORSHIP
  2633 | D:3      | Became a worshipper of Warmaster Okawaru
  2634 | D:3      | 2634 ||| PLANNING D:1-11
  2636 | D:3      | 2636 ||| Stepping randomly (stuck).
  2656 | D:4      | Found a staircase to the Ecumenical Temple.
  2679 | D:4      | Reached XP level 6. HP: 30/30 MP: 7/7
  3098 | D:4      | Reached skill level 6 in Dodging
  3290 | D:4      | 3290 ||| DROPPING amulet of magic regeneration.
  3291 | D:4      | 3291 ||| READING 6 scrolls of identify.
  3291 | D:4      | 3291 ||| IDENTIFYING white potion
  3292 | D:4      | 3292 ||| DROPPING potion of lignification.
  3363 | D:5      | Entered Level 5 of the Dungeon
  3364 | D:5      | 3364 ||| PLANNING OSSUARY
  3364 | D:5      | 3364 ||| RETREEEEATING.
  3365 | D:5      | 3365 ||| RETREEEEATING.
  3366 | D:5      | 3366 ||| RETREEEEATING.
  3376 | D:5      | HP: 5/30 [orc wizard/+0 dagger (3)]
  3382 | D:5      | Killed from afar by an orc wizard

Levels and vault maps discovered:
D:1:      spicycebolla_green_bress_n_ham, layout_loops_cross
D:2:      layout_rooms, dreamdust_ecumenical_altar_angels_and_demons,
          grunt_ministairs_13, nicolae_concentric_dashed_squares_mild,
          minmay_misc_feat_secret_circle, uniq_jessica
D:3:      cheibrodos_pilgrimage, layout_loops_corners,
          mainiacjoe_overflow_catwalk, nicolae_overflow_hidden_temple,
          gammafunk_ghost_gnarly_gnolls, serial_shops,
          nicolae_shop_gibbet_a_chance, shop, nicolae_shop_behind_doors, shop,
          shop, nrook_mini_vaults
D:4:      layout_basic, minmay_temple_entry_slanted
D:5:      layout_basic, grunt_temple_overflow_opulence,
          lightli_ossuary_entry_decrepit_ruins, grunt_ministairs_2,
          corexii_corridor_pit, uniq_sigmund

Skill      XL: |  1  2  3  4  5  6 |
---------------+-------------------+-----
Dodging        | 3 4 5 6 |  6.2
Ranged Weapons | 5 6 |  6.3
Fighting       | 2 |  2.1
Stealth        | |  1.5

Action                     |  1- 3 |  4- 6 || total
---------------------------+-------+-------++-------
   Fire: Shortbow          |    72 |   176 ||   248
    Use: Scroll            |     2 |     6 ||     8
 Armour: Robe              |     4 |    31 ||    35
  Dodge: Dodged            |    15 |    72 ||    87

Table legend:
 A = Non-vault XP
 B = Vault XP
 C = Vault XP percentage of total XP
 D = Non-vault monster count
 E = Vault monster count
 F = Vault count percentage of total count
                 A         B        C        D         E       F
            +---------+---------+-------+---------+---------+-------
      Total |     327 |     236 |  41.9 |      80 |      11 |  12.1
            +---------+---------+-------+---------+---------+-------
        D:1 |      27 |       1 |   3.6 |      18 |       1 |   5.3
        D:2 |      50 |      38 |  43.2 |      22 |       2 |   8.3
        D:3 |      49 |     127 |  72.2 |      16 |       6 |  27.3
        D:4 |     201 |       0 |   0.0 |      24 |       0 |   0.0
        D:5 |       0 |      70 | 100.0 |       0 |       2 | 100.0
            +---------+---------+-------+---------+---------+-------
